 Dungeon Crawl Stone Soup version 0.30.0-10-gfe55d96785 (webtiles) character file.

Game seed: 6917250044104108398

3150 hawla the Cudgeller (level 10, -1/86 HPs)
             Began as a Meteoran Fire Elementalist on May 14, 2023.
             Killed from afar by croobank's ghost (10 damage)
             ... with a blast of sand
             ... on level 6 of the Dungeon.
             The game lasted 00:16:00 (2786 turns).

hawla the Cudgeller (Meteoran Fire Elementalist)    Turns: 2786, Time: 00:16:00

Health: -1/86      AC: -1    Str: 10    XL:     10   Next: 37%
Magic:  3/20       EV: 14    Int: 21    God:
Gold:   325        SH:  0    Dex: 15    Spells: 15/22 levels left

rFire   . . .        t - +6 dire flail (drain)
rCold   . . .        (shield currently unavailable)
rNeg    + . .        a - +0 robe
rPois   .            (no helmet)
rElec   .            (no cloak)
rCorr   .            (no gloves)
SInv    .            v - +0 pair of boots
Will    +....        (no amulet)
Stlth   +            f - +4 ring of slaying
HPRegen 0.34/turn    j - ring of positive energy
MPRegen 0.17/turn

%: no passive effects
@: lethally poisoned (-1 -> -4), about to teleport, corroded, very slightly
contaminated, glowing
A: sense surroundings 2, otherworldly, glowing, explore regen
a: no special abilities


You were on level 6 of the Dungeon.
You visited 1 branch of the dungeon, and saw 6 of its levels.
You also visited: Ossuary.

You collected 325 gold pieces.

Inventory:

Hand Weapons
 t - a +6 dire flail of draining (weapon)
Armour
 a - a +0 robe (worn)
 v - a +0 pair of boots (worn)
Jewellery
 f - a +4 ring of slaying (left hand)
 j - a ring of positive energy (right hand)
Wands
 c - a wand of flame (10) (quivered)
 p - a wand of acid (8)
 r - a wand of polymorph (2)
 C - a wand of paralysis (2)
Scrolls
 b - 3 scrolls of identify
 i - a scroll of fog {unknown}
 m - 3 scrolls of enchant weapon {unknown}
 o - a scroll of enchant armour {unknown}
 q - a scroll of summoning {unknown}
 s - 2 scrolls of magic mapping {unknown}
 w - a scroll of brand weapon {unknown}
 y - a scroll of poison {unknown}
 B - a scroll of noise {unknown}
Potions
 d - a potion of resistance
 e - 2 potions of might
 g - a potion of heal wounds
 h - 2 potions of flight {unknown}
 l - 2 potions of curing {unknown}
 n - a potion of haste {unknown}
 u - a potion of berserk rage {unknown}
 x - a potion of attraction {unknown}
 z - a potion of lignification {unknown}
 A - a potion of mutation {unknown}


   Skills:
 + Level 7.5 Fighting
 * Level 7.5 Maces & Flails
 + Level 4.6 Dodging
 - Level 1.4 Stealth
 + Level 6.6 Spellcasting
 + Level 6.3 Conjurations
 + Level 7.1 Fire Magic
 + Level 3.4 Evocations


You had 15 spell levels left.
You knew the following spells:

 Your Spells              Type           Power      Damage    Failure   Level
a - Foxfire               Conj/Fire      100%       2x1d9     1%          1
b - Scorch                Fire           74%        2d8       1%          2
c - Flame Wave            Conj/Fire      35%        2d10      6%          4

Your spell library contained the following spells:

 Spells                   Type           Power      Damage    Failure   Level
 Inner Flame              Hex/Fire       22%        N/A       6%          3
 Volatile Blastmotes      Fire/Tloc      44%        2d13      6%          3


Dungeon Overview and Level Annotations

Branches:
Dungeon (6/15) Zot: 1294  Ossuary (visited)
 Temple: D:4-7

Altars:
Gozag
Kikubaaqudgha
Makhleb
Trog
Yredelemnul

Shops:
D:6 :

Annotations:
D:6 croobank's ghost, novice GnEE


Innate Abilities, Weirdness & Mutations

You passively map the area around you.
You are easily found by Zot.
You glow in the dark.
You regain HP and MP as you explore.


Message History

The flame wave engulfs the kobold brigand.
The kobold brigand is almost dead.
The kobold brigand closely misses you.
Croobank's ghost hits you but does no damage.
The kobold brigand hits you with a +1 rapier of distortion.
You blink.
The kobold brigand throws a poisoned dart.
The poisoned dart hits you!
You are poisoned.
The rust devil barely misses you.
Unknown command.
You feel much better.
You feel sick.
The kobold brigand hits you with a +1 rapier of distortion.
Space warps around you. The rust devil hits you. The rust devil corrodes you!
Casting: Flame Wave (dangerous; 6% risk of failure)
Confirm with . or Enter, or press ? or * to list all spells.
Casting: Flame Wave (dangerous; 6% risk of failure)
Press: ? - help, Dir - look around, f - activate A wave of flame ripples out!
The flame wave engulfs the kobold brigand!
You kill the kobold brigand!
The flame wave engulfs the rust devil.
The rust devil completely resists.
The flame wave engulfs croobank's ghost!!
Croobank's ghost is almost destroyed.
The flame wave engulfs the kobold brigand!
The kobold brigand is almost dead. (Press . to intensify the flame waves.)
You feel sick.
Croobank's ghost gestures at you while chanting.
The blast of sand hits you!
* * * LOW HITPOINT WARNING * * *
The kobold brigand hits you with a +1 rapier of distortion!
* * * LOW HITPOINT WARNING * * *
The rust devil misses you.
Unknown command.
As you read the scroll of teleportation, it crumbles to dust.
You feel strangely unstable.
You feel sick.
Croobank's ghost gestures at you while chanting.
The blast of sand hits you!
You die...

.##.###.##.##.#.## #.#......#...
.##.##...........## #.......#####
.#................####......#
..(.........#####...........#
..##.......##.8.##.##.......#
..##......##...K4#)...#.....#
..........#..###K'.).##.....#
..........#[...)WKK.###.....#####
..........#..###@4K## ###.......#
....##....##.....#.# ##..#....#
....#####..##.8.##.# #........#
..........#.#####..#####.#.#....#
#.######>.......................#
#........###.......>####.#.#....#
#..#.##### ##.......# ##.#.#....#
#.##..### #.......###....#....#
#.###...# #..###..............#


You could see 2 rust devils, a kobold demonologist, 4 kobold brigands and
croobank's ghost.

Vanquished Creatures
  The ghost of Pimp the Skirmisher, a novice DEHu of Okawaru (D:5)
  Prince Ribbit (D:5)
  A vampire (D:6)
  Eustachio (D:4)
  Edmund (D:4)
  5 black bears
  An ice beast (D:6)
  2 sky beasts
  An ogre (D:4)
  5 kobold brigands (D:6)
  5 scorpions
  A water moccasin zombie (D:5)
  A howler monkey (D:5)
  A bullfrog zombie (D:5)
  3 centaur zombies (Ossuary)
  A human zombie (Ossuary)
  A jelly (D:6)
  An orc priest (D:5)
  2 sleepcaps (D:6)
  3 hounds
  4 iguanas
  An orc wizard (D:5)
  2 ogre zombies (Ossuary)
  7 mummies (Ossuary)
  2 adders
  A shadow imp (D:6)
  An ufetubus (D:6)
  An adder zombie (Ossuary)
  A dart slug (D:5)
  5 orcs (D:5)
  2 endoplasms
  3 gnoll zombies (Ossuary)
  4 goblins (D:4)
  3 hobgoblins
  5 jackals
  3 quokkas
  2 ball pythons
  A frilled lizard (D:1)
  2 goblin zombies (Ossuary)
  4 hobgoblin zombies (Ossuary)
  2 kobolds
  3 kobold zombies (Ossuary)
  An orc zombie (Ossuary)
  5 quokka zombies (Ossuary)
  A rat (D:1)
  5 rat zombies (Ossuary)
109 creatures vanquished.

Vanquished Creatures (others)
  189 foxfires
189 creatures vanquished.

Grand Total: 298 creatures vanquished

Notes
Turn   | Place    | Note
-------+----------+-------------------------------------------
     0 | D:1      | hawla the Meteoran Fire Elementalist began the quest for
                  | the Orb.
     0 | D:1      | Reached XP level 1. HP: 14/14 MP: 5/5
    85 | D:1      | Reached XP level 2. HP: 19/20 MP: 3/6
   234 | D:4      | Learned a level 2 spell: Scorch
   247 | D:4      | Noticed an ogre
   254 | D:4      | Killed an ogre
   255 | D:4      | Reached XP level 3. HP: 27/27 MP: 0/9
   255 | D:4      | Reached XP level 4. HP: 34/34 MP: 0/10
   255 | D:4      | Reached XP level 5. HP: 39/39 MP: 0/11
   269 | D:4      | Learned a level 4 spell: Flame Wave
   378 | D:4      | Noticed Edmund
   387 | D:4      | Found a sand-covered staircase.
   391 | Ossuary  | Entered an ossuary
   522 | Ossuary  | Reached XP level 6. HP: 13/46 MP: 0/12
   590 | Ossuary  | Reached skill level 1 in Fighting
   695 | Ossuary  | Reached XP level 7. HP: 49/56 MP: 0/13
   710 | Ossuary  | Reached skill level 1 in Evocations
   938 | D:4      | Found a bloodstained altar of Trog.
   939 | D:4      | Found an ancient bone altar of Kikubaaqudgha.
  1089 | D:4      | Noticed Eustachio
  1109 | D:4      | Killed Eustachio
  1110 | D:4      | Reached skill level 5 in Fighting
  1110 | D:4      | Reached XP level 8. HP: 49/68 MP: 2/14
  1588 | D:4      | Found an opulent altar of Gozag.
  1626 | D:4      | Killed Edmund
  1647 | D:5      | Entered Level 5 of the Dungeon
  1695 | D:5      | Reached skill level 5 in Conjurations
  1695 | D:5      | Reached skill level 5 in Fire Magic
  1827 | D:5      | Reached skill level 1 in Maces & Flails
  1877 | D:5      | Noticed Prince Ribbit
  1881 | D:5      | Gained mutation: You passively map the area around you.
                  | [Meteoran growth]
  1881 | D:5      | Reached XP level 9. HP: 68/78 MP: 4/17
  1885 | D:5      | Killed Prince Ribbit
  1886 | D:5      | Reached skill level 5 in Spellcasting
  2158 | D:5      | Found a runed translucent gate.
  2158 | D:5      | Found a runed translucent gate.
  2158 | D:5      | Found a runed translucent gate.
  2158 | D:5      | Noticed Pimp's ghost (novice DEHu)
  2160 | D:5      | Found a basalt altar of Yredelemnul.
  2199 | D:5      | HP: 2/78 [Pimp's ghost (9)]
  2271 | D:6      | Reached skill level 5 in Maces & Flails
  2367 | D:5      | Killed Pimp's ghost
  2368 | D:5      | Reached XP level 10. HP: 67/86 MP: 9/19
  2447 | D:6      | Paralysed by something for 3 turns
  2464 | D:6      | Found Nyusaq's Book Boutique.
  2639 | D:6      | Found a runed translucent gate.
  2639 | D:6      | Found a runed translucent gate.
  2639 | D:6      | Found a runed translucent gate.
  2640 | D:6      | Noticed a kobold demonologist
  2640 | D:6      | Noticed croobank's ghost (novice GnEE)
  2723 | D:6      | Found a burning altar of Makhleb.
  2776 | D:6      | Noticed a rust devil
  2777 | D:6      | Noticed a rust devil
  2786 | D:6      | Killed from afar by croobank's ghost

Illustrated notes

Levels and vault maps discovered:
D:1:      tekkud_arrival_beachfront_property, layout_basic,
          chequers_ecumenical_altar_island, serial_shops, nicolae_square_shop,
          kennysheep_crisscross
D:2:      minmay_evil_eye, layout_basic, uniq_crazy_yiuf_cottage
D:3:      layout_basic, nicolae_elyvilon_peaceful_grove
D:4:      layout_basic, grunt_gozag_breadcrumbs, grunt_temple_overflow_open,
          enter_ossuary_5, st_stairs_13, grunt_decor_clamped, uniq_edmund,
          uniq_eustachio
D:5:      layout_gridville, nicolae_yredelemnul_ghost_church,
          uniq_prince_ribbit1
D:6:      layout_rooms, nicolae_overflow_hidden_temple, serial_shops,
          nicolae_shop_tiny_waterfront, gammafunk_ghost_nasty_kobolds

Skill      XL: |  1  2  3  4  5  6  7  8  9 10 |
---------------+-------------------------------+-----
Fire Magic     | 4 5 6 7 |  7.1
Spellcasting   | 3 4 5 6 |  6.6
Dodging        | 3 4 |  4.6
Conjurations   | 2 3 4 5 6 |  6.3
Fighting       | 2 5 6 7 |  7.5
Evocations     | 3 |  3.4
Maces & Flails | 1 6 7 |  7.5
Stealth        | |  1.4

Action                     |  1- 3 |  4- 6 |  7- 9 | 10-12 || total
---------------------------+-------+-------+-------+-------++-------
  Melee: Unarmed           |     5 |    48 |    20 |       ||    73
         Punch             |     1 |     1 |       |       ||     2
         Dire flail        |       |       |    42 |       ||    42
   Cast: Foxfire           |    26 |    24 |    54 |     4 ||   108
         Scorch            |     2 |    13 |    27 |     4 ||    46
         Flame Wave        |       |     4 |    11 |     6 ||    21
  Evoke: Wand              |       |     2 |     7 |       ||     9
    Use: Scroll            |     1 |       |     2 |     1 ||     4
         Potion            |     1 |       |     3 |     1 ||     5
 Armour: Robe              |     9 |    16 |    29 |     2 ||    56
         Skin              |       |       |     1 |       ||     1
  Dodge: Dodged            |    19 |    60 |    84 |    19 ||   182
